 Dungeon Crawl Stone Soup version 0.23-a0-183-gf37f6fb (webtiles) character file.

492 Amnesiac the Magician (level 6, -3/44 HPs)
             Began as a Mummy Wanderer on Sept 23, 2018.
             Slain by a phantom (4 damage)
             ... on level 5 of the Dungeon.
             The game lasted 00:06:44 (3802 turns).

Amnesiac the Magician (Mummy Wanderer)              Turns: 3802, Time: 00:06:45

Health: -3/44      AC:  9    Str: 14    XL:     6   Next: 91%
Magic:  16/16      EV:  9    Int: 16    God:
Gold:   106        SH:  0    Dex: 10    Spells: 20/20 levels left

rFire    + . .     SeeInvis .   j - +2 hand axe of Gallantry {chop, rF++ Stlth+}
rCold    + . .     Gourm    .   (no shield)
rNeg     + + +     Faith    .   a - +2 scale mail
rPois    ∞         Spirit   .   (no helmet)
rElec    .         Reflect  .   h - +0 cloak
rCorr    .         Harm     .   (no gloves)
MR       +....                  (no boots)
Stlth    +.........             (no amulet)
HPRegen  0.14/turn              c - ring of protection from magic
MPRegen  0.15/turn              (no ring)

@: no status effects
A: no food or potions, fire vulnerability, cold resistance 1, negative energy
resistance 3, torment resistance, unbreathing
a: no special abilities


You were on level 5 of the Dungeon.
You were not hungry.

You visited 1 branch of the dungeon, and saw 5 of its levels.

You collected 106 gold pieces.

Inventory:

Hand Weapons
 j - the +2 hand axe of Gallantry (weapon) {chop, rF++ Stlth+}
   (You found it on level 4 of the Dungeon)

   It inflicts extra damage upon your enemies.
   It greatly protects you from fire.
   It makes you more stealthy.
Armour
 a - a +2 scale mail (worn)
 h - a +0 cloak (worn)
Jewellery
 c - a ring of protection from magic (left hand)
Scrolls
 b - 2 scrolls of teleportation {!r}
 d - a scroll of magic mapping {!r}
 e - a scroll of fog {!r, unknown}
 f - 2 scrolls of remove curse {!r}
 g - 2 scrolls of noise {!r}
 i - a scroll of random uselessness {!r, unknown}


   Skills:
 - Level 2.0 Fighting
   Level 2.4 Maces & Flails
   Level 1.0 Bows
 - Level 1.5 Armour
 - Level 2.0 Dodging
 - Level 1.0 Stealth
   Level 1.0 Shields
 * Level 7.9 Spellcasting


You had 20 spell levels left.
You didn't know any spells.
Your spell library was empty.

Dungeon Overview and Level Annotations

Branches:
Dungeon (5/15)
 Temple: D:4-7

Altars:
Qazlal


Innate Abilities, Weirdness & Mutations

You do not eat or drink.
Your flesh is vulnerable to fire.
You are immune to poison.
Your flesh is cold resistant. (rC+)
You are immune to negative energy. (rN+++)
You are immune to unholy pain and torment.
You can survive without breathing.


Message History

The phantom blinks!
The howler monkey skeleton hits you.
You hit the howler monkey skeleton.
You destroy the howler monkey skeleton!
Found 8 gold pieces.
The phantom blinks!
You slash the phantom!
The phantom is severely damaged.
The phantom hits you but does no damage. x2
You barely miss the phantom.
The phantom is severely damaged.
The phantom hits you.
* * * LOW HITPOINT WARNING * * *
The phantom blinks!
The phantom hits you but does no damage.
You barely miss the phantom.
The phantom is severely damaged.
The phantom barely misses you.
You miss the phantom.
The phantom is severely damaged.
The phantom hits you.
* * * LOW HITPOINT WARNING * * *
You closely miss the phantom.
The phantom is severely damaged.
The phantom hits you but does no damage.
The phantom blinks!
You hit the phantom.
The phantom is almost destroyed.
The phantom hits you.
* * * LOW HITPOINT WARNING * * *
The phantom blinks!
The phantom blinks!
You closely miss the phantom.
The phantom is almost destroyed.
The phantom barely misses you.
The phantom hits you but does no damage.
You barely miss the phantom.
The phantom is almost destroyed.
The phantom blinks!
The phantom blinks!
You aren't carrying any items that you can evoke.
The phantom blinks!
The phantom blinks!
The phantom hits you!
* * * LOW HITPOINT WARNING * * *
The phantom blinks!
You are too injured to fight recklessly!
You are too injured to fight recklessly!
You are too injured to fight recklessly!
You are too injured to fight recklessly!
You closely miss the phantom.
The phantom is severely damaged.
The phantom closely misses you.
You barely miss the phantom.
The phantom is severely damaged.
The phantom closely misses you.
You miss the phantom.
The phantom is severely damaged.
The phantom hits you!
* * * LOW HITPOINT WARNING * * *
The phantom hits you but does no damage.
You closely miss the phantom.
The phantom is severely damaged.
The phantom hits you.
You die...

#.# #.#......#.# #.......
#.#
#.#......#.######.......
#.#
#.#.$.......##..........
#.#
#.####...††.##..........
#.# #.#
#......##.......... #.#
#.# #......##....######
##.#######.#
#......####........
...........# #......#
#........ ############
#.@....####........
........W....##.......<..
.######......##.#........
#....$.##.#........
###+#.###..........
...##..........
..##..........
.##.######### #.


You could see a phantom.

Vanquished Creatures
  A centaur (D:5)
  3 crimson imps
  A quasit (D:5)
  An orc wizard (D:5)
  2 worker ants
  4 adders
  7 gnolls
  2 howler monkey skeletons (D:5)
  2 oozes
  An adder skeleton (D:4)
  2 dart slugs
  A leopard gecko (D:2)
  10 orcs
  A giant cockroach (D:2)
  6 goblins
  7 hobgoblins
  7 jackals
  A quokka (D:3)
  5 bats
  A frilled lizard (D:2)
  4 kobolds (D:1)
  A leopard gecko skeleton (D:5)
  4 rats
74 creatures vanquished.

Notes
Turn   | Place    | Note
-------+----------+-------------------------------------------
     0 | D:1      | Amnesiac the Mummy Wanderer began the quest for the Orb.
     0 | D:1      | Amnesiac set off with: a +2 scale mail, 2 scrolls of
                  | teleportation {!r}, a +0 club
     0 | D:1      | Reached XP level 1. HP: 16/16 MP: 1/1
    58 | D:1      | Reached skill level 1 in Spellcasting
   121 | D:1      | Reached skill level 2 in Spellcasting
   186 | D:1      | Reached XP level 2. HP: 22/22 MP: 5/5
   265 | D:1      | Reached skill level 3 in Spellcasting
   599 | D:2      | Reached XP level 3. HP: 26/27 MP: 7/7
  1060 | D:3      | Reached skill level 4 in Spellcasting
  1310 | D:3      | HP: 1/27 [orc (2)]
  1368 | D:4      | Reached XP level 4. HP: 3/33 MP: 10/10
  1701 | D:4      | Got a translucent hand axe
  1702 | D:4      | Identified the +2 hand axe of Gallantry {chop, rF++ Stlth+}
                  | (You found it on level 4 of the Dungeon)
  1859 | D:4      | Found a stormy altar of Qazlal.
  1881 | D:4      | Reached skill level 5 in Spellcasting
  2042 | D:5      | Entered Level 5 of the Dungeon
  2046 | D:5      | Noticed a sky beast
  2050 | D:4      | Reached XP level 5. HP: 29/38 MP: 13/13
  2507 | D:5      | Reached skill level 1 in Dodging
  2645 | D:5      | Reached skill level 6 in Spellcasting
  2890 | D:5      | Reached XP level 6. HP: 29/44 MP: 15/15
  3103 | D:5      | Reached skill level 7 in Spellcasting
  3801 | D:5      | HP: 1/44 [phantom (7)]
  3802 | D:5      | Slain by a phantom

Vault maps used:
D:1:      lightli_arrival_statue_moat
D:2:      lemuel_doored_altar, lemuel_crystal_altar,
          nicolae_ru_the_path_less_chosen
D:3:      first_ration
D:4:      grunt_qazlal_sundering, grunt_ministairs_11, minmay_fire_ice_demons
D:5:      serial_shops, nicolae_shop_window_shopping

Skill      XL: |  1  2  3  4  5  6 |
---------------+-------------------+-----
Spellcasting   | 2 3 4 5 6 7 |  7.9
Dodging        | 2 |  2.0
Fighting       | |  2.0
Maces & Flails | |  2.4
Bows           | |  1.0
Armour         | |  1.5
Stealth        | |  1.0
Shields        | |  1.0

Action                   |  1- 3 |  4- 6 || total
-------------------------+-------+-------++-------
Melee: Club              |    77 |       ||    77
       Hand axe          |   138 |   228 ||   366
  Use: Scroll            |       |     4 ||     4
Armor: Scale mail        |   152 |   151 ||   303
Dodge: Dodged            |   117 |   125 ||   242

Table legend:
 A = Non-vault XP
 B = Vault XP
 C = Vault XP percentage of total XP
 D = Non-vault monster count
 E = Vault monster count
 F = Vault count percentage of total count
                 A         B        C        D         E       F
            +---------+---------+-------+---------+---------+-------
      Total |     701 |       3 |   0.4 |      73 |       1 |   1.4
            +---------+---------+-------+---------+---------+-------
        D:1 |      35 |       0 |   0.0 |      16 |       0 |   0.0
        D:2 |      26 |       0 |   0.0 |      12 |       0 |   0.0
        D:3 |      33 |       0 |   0.0 |      11 |       0 |   0.0
        D:4 |     124 |       3 |   2.4 |       9 |       1 |  10.0
        D:5 |     483 |       0 |   0.0 |      25 |       0 |   0.0
            +---------+---------+-------+---------+---------+-------
